 Dungeon Crawl Stone Soup version 0.15.2 (webtiles) character file.

26154407 magipi the Talismancer (level 27, 230/233 (251) HPs)
             Began as a Deep Dwarf Gladiator on Sept 18, 2015.
             Was the Champion of Makhleb.
             Escaped with the Orb
             ... and 15 runes on Sept 19, 2015!
             The game lasted 11:46:26 (57088 turns).

magipi the Talismancer (Deep Dwarf Gladiator)      Turns: 57088, Time: 11:46:26

HP 230/233 (251) AC 39     Str 24      XL: 27
MP  13/13        EV 26     Int 12      God: Makhleb [******]
Gold 4837        SH  0     Dex 19      Spells: 12 memorised, 12 levels left

rFire  + + .     SeeInvis +     a - +11 battleaxe of Irritation {chop, rC+ MR+ Str+1}
rCold  + . .     Clarity  +     w - +3 fire dragon armour
rNeg   + . .     rCorr    .     (no shield)
rPois  +         rRot     .     S - +2 helmet {SInv}
rElec  .         Spirit   .     E - +1 cloak {rPois}
SustAb .         Warding  .     G - +2 pair of gloves {archery}
rMut   .         Stasis   .     m - +2 pair of boots {run}
Gourm  .                        r - amulet of clarity
MR     +++++                    x - +6 ring of protection
                                c - ring "Apiucs" {rC+ Slay+3}

@: very slightly contaminated, non-regenerating, repel missiles, quick, almost
entirely resistant to hostile enchantments, extremely unstealthy
A: damage resistance, recharge devices, blurry vision 1, frail 1, low mp 1,
negative energy resistance 1, sense surroundings 3, slow healing 3
a: Device Recharging, Minor Destruction, Lesser Servant of Makhleb, Major
Destruction, Greater Servant of Makhleb, Renounce Religion
0: Orb of Zot
}: 15/15 runes: decaying, slimy, silver, golden, iron, obsidian, icy, bone,
abyssal, demonic, glowing, magical, fiery, dark, gossamer


You escaped.
You worshipped Makhleb.
Makhleb was exalted by your worship.
You were not hungry.

You visited 18 branches of the dungeon, and saw 97 of its levels.
You visited Pandemonium 1 time, and saw 39 of its levels.
You visited the Abyss 1 time.
You also visited: Labyrinth, Trove, Ice Cave and Wizlab.

You collected 8034 gold pieces.
You spent 3197 gold pieces at shops.

Inventory:

Hand weapons
 a - the +11 battleaxe of Irritation (weapon) {chop, rC+ MR+ Str+1}
   (You found it on level 4 of the Lair of Beasts)

   It inflicts extra damage upon your enemies.
   It affects your strength (+1).
   It protects you from cold.
   It affects your resistance to hostile enchantments.
 b - the +9 battleaxe of the Silent Majority {holy, Stlth+}
   (You took it off a deep elf fighter on level 3 of the Elven Halls)

   It has been blessed by the Shining One to cause great damage to the undead
   and demons.
   It makes you more stealthy.
Missiles
 d - 8 throwing nets (quivered)
 k - 3 curare-tipped needles
 K - 2 javelins
Armour
 m - a +2 pair of boots of running (worn)
 v - the +8 chain mail "Veboum" {Str+1 Int+5}
   (You found it on level 7 of Gehenna)

   It affects your strength (+1).
   It affects your intelligence (+5).
 w - a +3 fire dragon armour (worn)
 E - a +1 cloak of poison resistance (worn)
 G - a +2 pair of gloves of archery (worn)
 S - a +2 helmet of see invisible (worn)
Magical devices
 e - a wand of heal wounds (7)
 h - a wand of invisibility (6)
 H - a wand of digging (8)
 I - a wand of teleportation (1)
 N - a wand of polymorph (17)
 V - a wand of fire (4)
 Y - a wand of disintegration (7)
Comestibles
 q - 28 meat rations
 X - 27 bread rations
Scrolls
 j - 2 scrolls of enchant armour
 z - 5 scrolls of blinking
 A - 3 scrolls of summoning
 C - a scroll of magic mapping
 F - 2 scrolls of fog
 O - 7 scrolls of remove curse
 R - 8 scrolls of fear
 U - 4 scrolls of teleportation
 W - 15 scrolls of identify
Jewellery
 c - the ring "Apiucs" (left hand) {rC+ Slay+3}
   (You found it on level 15 of the Dungeon)

   [ring of protection from cold]

   It affects your accuracy and damage with ranged weapons and melee attacks
   (+3).
   It protects you from cold.
 f - an uncursed ring of protection from fire
 r - an amulet of clarity (around neck)
 t - an uncursed ring of teleportation
 u - an uncursed amulet of resist mutation
 x - a +6 ring of protection (right hand)
 M - the ring of Lodux {SustAb Slay+5}
   (You found it in Pandemonium)

   [ring of sustain abilities]

   It sustains your strength, intelligence and dexterity.
   It affects your accuracy and damage with ranged weapons and melee attacks
   (+5).
Potions
 i - 2 potions of agility
 l - 4 potions of haste
 s - 13 potions of heal wounds
 B - a potion of resistance
 J - 17 potions of curing
 T - 3 potions of berserk rage
Miscellaneous
 p - a phial of floods
 D - a lamp of fire
Rods
 n - a cursed +2 rod of clouds (11/11)
   (You found it on level 6 of the Pits of Slime)


   Skills:
 - Level 22.5 Fighting
 - Level 21.7 Axes
 - Level 15.1 Throwing
 - Level 20.8 Armour
 - Level 20.9 Dodging
 + Level 13.9 Spellcasting
 - Level 16.1 Charms
 - Level 9.3 Summonings
 - Level 19.6 Translocations
 + Level 23.5 Invocations
 O Level 27 Evocations


You had 12 spell levels left.
You knew the following spells:

 Your Spells              Type           Power        Failure   Level  Hunger
a - Apportation           Tloc           ######....   0%          1    None
b - Blink                 Tloc           N/A          0%          2    None
c - Control Teleport      Chrm/Tloc      ######....   1%          4    ###....
d - Portal Projectile     Tloc           ######       0%          3    None
e - Passage of Golubria   Tloc           N/A          1%          4    ###....
f - Flight                Chrm/Air       ####......   1%          3    None
g - Spectral Weapon       Hex/Chrm       ####....     1%          3    None
h - Haste                 Chrm           #####...     1%          6    ######.
i - Summon Butterflies    Summ           ####....     1%          1    None
j - Phase Shift           Tloc           ######....   1%          5    ####...
m - Repel Missiles        Chrm/Air       ####..       1%          2    None
B - Controlled Blink      Tloc           N/A          2%          7    #######


Dungeon Overview and Level Annotations

Branches:
Dungeon (15/15)            Temple (1/1) D:6             Orc (4/4) D:12
    Elf (3/3) Orc:4          Lair (8/8) D:8           Swamp (5/5) Lair:3
 Spider (5/5) Lair:4        Slime (6/6) Lair:7       Vaults (5/5) D:13
  Crypt (3/3) Vaults:2       Tomb (3/3) Crypt:3      Depths (5/5) D:15
   Hell (1/1)                 Dis (7/7) Hell            Geh (7/7) Hell
    Coc (7/7) Hell            Tar (7/7) Hell            Zot (5/5) Depths:5

Altars:
Ashenzari
Cheibriados
Dithmenos
Elyvilon
Fedhas
Makhleb
Nemelex Xobeh
Okawaru
Qazlal
Trog
Vehumet
Xom
Yredelemnul
Zin
The Shining One
Beogh

Shops:
D:13 *   Orc:2 :   Orc:4 %*(:[   Elf:3 *   Depths:1 *

Portals:
Hell: Lair:8 Depths:1 Depths:3 Depths:5
Abyss: Depths:4
Pandemonium: Depths:1 Depths:3 Depths:5
Ziggurat: Depths:3

Annotations:
D:15 ctele
Dis:7 Dispater
Coc:7 Antaeus
Tar:7 Ereshkigal


Innate Abilities, Weirdness & Mutations

You are resistant to damage.
You can recharge devices by infusing magical energy.
You resist negative energy.
You passively map a large area around you.
You do not heal naturally.
Your vision is a little blurry.
You are frail (-10% HP).
Your magical capacity is low (-10% MP).

Vault maps used:
D:1:      scummos_arrival_gate
D:2:      lemuel_doored_altar, serial_corexii_hall, corexii_hall_statues_x,
          corexii_hall_statues_s, corexii_hall_statues_i,
          corexii_hall_statues_u, uniq_jessica
D:3:      forest_paths, uniq_sigmund, uniq_terence
D:4:      wad_woods_pond, first_bread, xom_teletrap_fun
D:6:      kennysheep_big_flooded_room, grunt_temple_overflow_magic_moments,
          minmay_temple_entry_steel_oval
D:7:      grunt_temple_overflow_bloody_war, grunt_qazlal_sundering
D:8:      kennysheep_little_box, yredelemnul_forgotten_temple_becter,
          lair_0_dummy, grunt_ogre_cave, uniq_duvessa
D:9:      uniq_erolcha
D:10:     small_statue_intersection
D:11:     portal_ice_cave_entry_imps
D:12:     zombieorc1_lemuel
D:13:     erik_vaults_2, serial_shops, nicolae_shop_stone, minivault_26
D:14:     lab_entry_generic, serial_glass, glass_columns_a, glass_columns_a,
          glass_columns_a, glass_columns_b, minmay_strange_pillars
D:15:     hangedman_spin_cycle, uniq_harold
Temple:   minmay_temple_bridge_a_8
Orc:1:    mines1_david, uniq_eustachio
Orc:2:    serial_shops, shop
Orc:3:    special_room, nicolae_orc_pool_cavern, small_statue_alley_c,
          uniq_joseph
Orc:4:    basic_altar, serial_shops, shop, grunt_orc_gardens, grunt_orc_garden,
          grunt_orc_garden, grunt_orc_garden, grunt_orc_garden
Elf:1:    eino_elf_arrival_altar, serial_glass, glass_columns_a,
          glass_columns_c, glass_columns_c, glass_columns_b, baited_tele_trap
Elf:3:    grunt_elf_hall_spiral, serial_shops, shop, enter_trove_1, special_room
Lair:2:   eino_small_chamber_without_monster, uniq_gastronok
Lair:3:   minmay_swamp_entry_worms, serial_bayou, serial_bayou_shore_b,
          serial_bayou_pond_c, serial_bayou_crossing, serial_bayou_pond_c,
          guppyfry_lair_drakes, serial_bayou_shore_b, uniq_nergalle
Lair:4:   dummy_spider_entry
Lair:5:   grunt_megastairs_1, serial_bayou_shore_b
Lair:6:   basic_altar, serial_bayou_shore_a
Lair:7:   minmay_slime_entry_jelly_boxes, serial_bayou_shore_b
Lair:8:   evil_forest, lemuel_fruit_tree
Swamp:1:  nicolae_swamp_round_clearing, swamp_pool5, st_swamp_ruins_3
Swamp:2:  evilmike_swamp_ruin_house_4, uniq_asterion, uniq_agnes, uniq_rupert
Swamp:3:  evilmike_swamp_ruin_house_1, statue_in_the_mist_lemuel
Swamp:4:  infiniplex_staircase_pool_2, swamp_pool5, nicolae_swamp_spriggan_camp
Swamp:5:  swamp_old_school, swamp_pool1, uniq_nikola, uniq_jorgrun
Spider:1: uniq_azrael
Spider:4: special_room, nicolae_orb_stairs
Spider:5: spider_rune_water
Slime:2:  uniq_dissolution
Slime:3:  nicolae_slime_welcoming_committee
Vaults:1: nicolae_vaults_asterisk, vaults_room_semicircle, v_misc_8,
          vaults_room_boxed, nicolae_vaults_yaktaur_gun_rack, v_rooms_5,
          uniq_donald
Vaults:2: blue_anna_dwarven_crypt, ontoclasm_vaults_gallery,
          vaults_room_large_hall, hangedman_vaults_slice, v_rooms_1,
          vaults_room_large_hall, vaults_room_ringed_pool, v_misc_10,
          vaults_room_fours, nicolae_vaults_little_squares_3, uniq_frederick
Vaults:3: nicolae_vaults_three_branches, nicolae_vaults_branching_niches,
          nicolae_vaults_stairing_the_circle, nicolae_vaults_rhombus_7,
          nicolae_vaults_triangles, vaults_room_octagon,
          dpeg_vaults_monster_row, vaults_room_fours, grunt_vaults_bifocal,
          ontoclasm_vaults_ring_large, vaults_room_semicircle, v_misc_28,
          grunt_vaults_focal, ontoclasm_vaults_bender
Vaults:4: st_greater_box_3, nicolae_vaults_angled_halls,
          nicolae_vaults_what_the_h, v_rooms_6, v_misc_27,
          nicolae_vaults_big_ls, vaults_room_hallway, vaults_dpeg_ring,
          ontoclasm_vaults_spin
Crypt:1:  uniq_mara
Crypt:2:  lemuel_elevator
Crypt:3:  cryptofortress_bobbens
Tomb:2:   uniq_boris, uniq_khufu
Depths:1: pf_dread_powers_of_hell, mu_enter_wizlab_7, lemuel_crystal_altar,
          grunt_pan_entry_in_and_out, grunt_ministairs_1,
          nicolae_elemental_shop, firewood_loft
Depths:2: minmay_smoke_and_mirrors, pf_coc_iceberg,
          infiniplex_staircase_diamond, serial_bayou_shore_b,
          grunt_megastairs_2, serial_bayou_shore_b, basic_stair_grate_trap
Depths:3: minmay_concentric_multi, enter_ziggurat_d, hell_entry,
          serial_sigils_hangedman_scratch, grunt_pan_entry_sceptre,
          roderic_serpentine_path, hangedman_decor_slide_cut, minmay_st_funbox,
          uniq_jory
Depths:4: lemuel_minitomb, abyss_entry, grunt_hell_entry_dis_grunt,
          kennysheep_crisscross, minmay_misc_feat_plants,
          kennysheep_generic_room_12, uniq_saint_roka
Depths:5: grunt_zot_entry_tricorne, hell_entry, rand_demon_pan_entry_1,
          minmay_misc_feat_x, hex_tiny, minmay_splitting_lines, uniq_boris
Dis:2:    hangedman_dis_decor_blocks_talon, hangedman_dis_chains, door_vault
Dis:4:    special_room
Dis:7:    dis_hangedman
Geh:1:    lemuel_flamethrower_3
Geh:2:    nicolae_geh_sunburst
Geh:5:    hangedman_elemental_corridor
Geh:7:    evilmike_geh
Coc:7:    coc_hangedman
Tar:1:    grunt_deathspiral_small
Tar:4:    hangedman_tartarus_temple_path
Tar:7:    tar_grunt_ereshkigal, tar_grunt_big_loot, tar_grunt_small_loot,
          tar_grunt_small_loot, tar_grunt_small_loot, nicolae_tar_cuneiform_sun,
          tar_grunt_decor_circle_5, tar_grunt_decor_circle_5, tar_grunt_decor_8,
          tar_grunt_small_decor_pillar, tar_grunt_decor_6,
          tar_grunt_small_decor_pillar, tar_grunt_small_decor_pillar,
          tar_grunt_decor_8, tar_grunt_decor_3, nicolae_tar_cuneiform_three,
          tar_grunt_decor_3, tar_grunt_decor_circle_5, tar_grunt_decor_8,
          tar_grunt_decor_3
Zot:1:    nicolae_moth_party
Zot:2:    hangedman_zot_decor_slant, basic_stair_grate_trap, grunt_megastairs_3
Zot:3:    hangedman_zot_vaults_quadrants, hangedman_zot_decor_checkerboard
Zot:4:    lemuel_draconian_sentries_small, st_small_dragon_hoard_4,
          grunt_ministairs_8, zot_minivault_4
Zot:5:    grunt_ministairs_1, st_stairs_11, basic_stair_grate_trap, uniq_tiamat
Abyss:3:  patterned_corridor, evilmike_abyss_rune_acolytes_1,
          small_statue_intersection, hangedman_abyss_shoalhut
Pan:      evilmike_mini_pan_other_thingy, evilmike_mini_pan_layers,
          pan_blood_fountain, rand_demon_8, pan_blood_fountain,
          lemuel_draining_boxes, nicolae_pan_gloorx_vloqian_2,
          grunt_pan_sceptre, lemuel_hellion_island, reaverb_pan_squares,
          nicolae_pan_sigil_uleosi, evilmike_mini_pan_corner,
          nicolae_pan_sigil_itan, nicolae_pan_double_arrow, pan_blood_fountain,
          evilmike_holy_pan, grunt_pan_pentagram,
          evilmike_mini_pan_other_thingy, evilmike_mini_pan_branches,
          nicolae_pan_cerebovesque_1, nicolae_pan_hourglass,
          evilmike_mini_pan_3x3, grunt_pan_pentagram, rand_demon_8,
          evilmike_mini_pan_3x3, pan_blood_fountain, evilmike_mini_pan_corner,
          enter_ziggurat_pan_a, evilmike_mini_pan_T, nicolae_pan_mnolegish_4,
          evilmike_mini_pan_3x3, pan_blood_fountain_small,
          reaverb_pan_chaos_star, nicolae_pan_mnolegish_1, rand_demon_4,
          lemuel_hall_of_pain, nicolae_pan_gloorx_vloqian_2,
          evilmike_mini_pan_doors, rand_demon_6, lom_lobon_st,
          evilmike_gloorx_vloq_box, pan_blood_fountain_small,
          evilmike_mini_pan_pillars, pan_blood_fountain_small,
          nicolae_pan_cerebovesque_3, evilmike_mini_pan_V, enter_ziggurat_pan_a,
          uniq_ignacio, evilmike_mini_pan_V, nicolae_pan_cerebovesque_2,
          nicolae_pan_glass_arcs, pan_blood_fountain_2, rand_demon_8,
          evilmike_mini_pan_murderfest, pan_blood_fountain_small,
          nicolae_pan_gloorx_vloqian_2, nicolae_pan_hourglass,
          pan_blood_fountain_small, nicolae_pan_cerebovesque_1,
          evilmike_mini_pan_layers, evilmike_mini_pan_diamond, rand_demon_9,
          pan_blood_fountain_small, cerebov_grunt, pan_blood_fountain,
          evilmike_mini_pan_possible_glass, mnoleg_st, nicolae_pan_lom_lobonic_2
Lab:      labyrinth_watery, nicolae_lab_grate_2, nicolae_lab_dead_end,
          labyrinth_skeletal_remains
Trove:    trove_library
IceCv:    ice_cave_statue_garden_01
WizLab:   wizlab_eringya


Message History

The bolt of fire hits the sun demon.
The sun demon completely resists.
The bolt of fire misses you.
Unknown command.
The balrug gestures at you. Something smites you!
You see here 8 stones.
You see here an arrow.
You see here an arrow.
Things that are here:
a leather armour; a short sword You see here an arrow.
There is a stone staircase leading up here.
You see here a poisoned needle.
You climb upwards.
You sense a powerful magical force warping space.
There is a stone staircase leading down here.
Eat which item? (? for menu, Esc to quit)
You continue eating.
You finish eating.
Yeuchh!
Anchovies.
An ice devil comes into view.
You hit the ice devil.
The ice devil is lightly wounded.
You slice the ice devil!!
The ice devil is heavily wounded.
You hit the ice devil.
The ice devil is severely wounded.
You carve the ice devil like a ham!!!
You kill the ice devil!
Makhleb accepts your kill.
You are feeling hungry.
A bat comes into view.
Your extra speed is starting to run out.
You slash the bat!
You kill the bat!
Makhleb accepts your kill.
You feel a little better.
There is a stone staircase leading up here.
Eat which item? (? for menu, Esc to quit)
You continue eating. x2
You feel yourself slow down.
You continue eating.
You finish eating.
That bread ration really hit the spot!
You climb upwards.
You sense a powerful magical force warping space.
There is a stone staircase leading down here.
You see here 2 silver tomahawks.
You climb downwards.
You sense a powerful magical force warping space.
There is a stone staircase leading up here.
An orc comes into view.
There is a stone staircase leading up here.
The orc shouts!
The orc moves out of view.
You climb upwards.
You sense a powerful magical force warping space.
There is a stone staircase leading down here.
You climb downwards.
You sense a powerful magical force warping space.
There is a stone staircase leading up here.
You climb upwards.
You sense a powerful magical force warping space.
The worm bites you but does no damage.
There is a stone staircase leading down here.
Evoke which item? (* to show all) (? for menu, Esc to quit)
Zapping:
I - a wand of teleportation (2)
Press: ? - help, Shift-Dir - straight line, f - you You feel strangely unstable.
You feel the orb delaying this translocation!
This wand has 1 charge left.
Unknown command.
You slice the worm!!
You kill the worm!
Makhleb accepts your kill.
You feel a little better.
You see here a worm corpse.
Your surroundings suddenly seem different.
Found 8 sling bullets.
Found an escape hatch in the ceiling.
A quokka comes into view.
Found 17 gold pieces and 17 poisoned needles.
There is an escape hatch in the ceiling here.
A mysterious force pulls you upwards. The hatch slams shut behind you.
You sense a powerful magical force warping space.
There is a stone staircase leading up here.
You climb upwards.
You sense a powerful magical force warping space.
There is a stone staircase leading down here.
Unknown command.
Evoke which item? (* to show all) (? for menu, Esc to quit)
Zapping:
Y - a wand of disintegration (9)
Press: ? - help, Shift-Dir - straight line You hear a grinding noise.
This wand has 8 charges left.
There is an open door here.
Evoke which item? (* to show all) (? for menu, Esc to quit)
Zapping:
Y - a wand of disintegration (8)
Press: ? - help, Shift-Dir - straight line You hear a grinding noise.
This wand has 7 charges left.
There is a staircase leading out of the dungeon here.
You have escaped!

, , * * , , , , , , , , ,,
,, . ,, ,, , ... , ,,, , ,
,,... * ##################..
#.....#...≈≈≈≈...#.#
#..@..#..........#..
#.....#..........#8.
*,#'###.#..........'.. *
#.#♣♣.'..........'..
########.#♣.♣#..........'..
##......#.#♣.♣#..........#8.
#..######.'.♣♣#....§.§...#..
#.## #♣#♣♣ #...≈§§§...#.)
#.# ########.#########..


There were no monsters in sight!

Table legend:
 A = Kills in this place as a percentage of kills in entire the game.
 B = Kills by you in this place as a percentage of kills by you in the entire game.
 C = Kills by friends in this place as a percentage of kills by friends in the entire game.
 D = Other kills in this place as a percentage of other kills in the entire game.
 E = Experience gained in this place as a percentage of experience gained in the entire game.
 F = Experience gained in this place divided by the number of levels of this place that you have seen.
                   A       B       C       D       E      F
               +-------+-------+-------+-------+-------+----------------------
         Total | 100.0 | 100.0 | 100.0 | 100.0 | 100.0 | 19504.1
       Dungeon |  10.8 |  10.9 |   0.0 |   5.6 |   2.9 | 5312.1
  Orcish Mines |   5.5 |   5.4 |  12.2 |   0.0 |   0.6 | 4004.0
   Elven Halls |   4.1 |   4.1 |   8.2 |   5.6 |   3.0 | 27639.7
          Lair |   6.0 |   5.8 |  14.3 |   5.6 |   1.5 | 5381.2
         Swamp |   2.2 |   2.2 |   0.0 |   0.0 |   1.5 | 8257.2
   Spider Nest |   4.7 |   4.8 |   0.0 |   0.0 |   2.5 | 13786.0
    Slime Pits |   1.3 |   1.2 |   2.0 |   0.0 |   1.8 | 8288.7
        Vaults |  13.1 |  13.3 |   0.0 |  11.1 |  14.0 | 78362.2
         Crypt |   4.3 |   4.3 |   0.0 |   0.0 |   4.1 | 38087.7
          Tomb |   3.1 |   3.0 |  12.2 |   0.0 |   6.9 | 64510.0
        Depths |   9.9 |  10.0 |   2.0 |   5.6 |  10.6 | 59146.8
          Hell |   2.2 |   2.2 |   0.0 |   0.0 |   2.5 | 70619.0
           Dis |   3.2 |   3.2 |   0.0 |   5.6 |   4.6 | 18331.3
       Gehenna |   4.6 |   4.6 |   0.0 |  22.2 |   5.5 | 22000.9
       Cocytus |   4.2 |   4.2 |   0.0 |  11.1 |   4.1 | 16459.3
      Tartarus |   2.3 |   2.3 |   0.0 |   0.0 |   2.3 | 9024.4
           Zot |   3.2 |   2.7 |  46.9 |   5.6 |   9.2 | 51499.0
         Abyss |   1.9 |   1.9 |   0.0 |  11.1 |   1.7 | 16050.0
   Pandemonium |  12.4 |  12.5 |   2.0 |  11.1 |  19.9 | 14206.5
     Labyrinth |   0.1 |   0.1 |   0.0 |   0.0 |   0.1 | 2730.0
      Ice Cave |   0.2 |   0.2 |   0.0 |   0.0 |   0.1 | 2311.0
        Wizlab |   0.8 |   0.8 |   0.0 |   0.0 |   0.6 | 16061.0
               +-------+-------+-------+-------+-------+----------------------

Vanquished Creatures
  Asmodeus (Geh:7)
  Cerebov (Pan)
  the royal jelly (Slime:6)
  Ignacio (Pan)
  Gloorx Vloq (Pan)
  Mnoleg (Pan)
  Lom Lobon (Pan)
  5 orbs of fire
  Khufu (Tomb:1)
  The ghost of magipi the Acrobat, a legendary DDNe of Makhleb (Coc:7)
  the Serpent of Hell (Tar:7)
  6 ancient liches
  14 greater mummies
  Saint Roka (Depths:4)
  Boris (twice) (Depths:5 Tomb:2)
  A seraph (Pan)
  A curse toe (Zot:5)
  the Lernaean hydra (Swamp:5)
  Mara (Crypt:1)
  Geryon (Hell)
  3 pandemonium lords (Pan)
  5 golden dragons
  3 bone dragons
  Frederick (Vaults:2)
  12 Brimstone Fiends
  A pearl dragon (Pan)
  2 electric golems
  12 Hell Sentinels
  16 tentacled monstrosities
  A hellephant (Hell)
  12 liches
  10 Ice Fiends
  14 Orb Guardians (Zot:5)
  A deep elf blademaster (Elf:3)
  Murray (Hell)
  2 deep elf master archers (Elf:3)
  2 titans (Vaults:5)
  8 Shadow Fiends
  3 quicksilver dragons (Vaults:5)
  3 tentacled starspawn (Abyss:2)
  6 storm dragons
  An eldritch tentacle (Abyss:3)
  An octopode crusher (Depths:2)
  9 acid blobs
  39 Executioners
  6 tengu reavers
  9 ancient champions
  12 sphinxes
  3 warmongers (Pan)
  7 shadow dragons
  3 thorn hunters (WizLab)
  3 azure jellies (Slime:6)
  11 daevas (Pan)
  A draconian monk (Zot:2)
  2 revenants
  Donald (Vaults:1)
  A draconian knight (Zot:2)
  11 deep elf sorcerers
  4 draconian zealots
  8 iron dragons
  A draconian scorcher (Zot:2)
  16 vault wardens
  An orc warlord (Elf:3)
  10 cacodemons
  6 ghost moths
  16 fire giants
  33 balrugs
  19 angels (Pan)
  Gastronok (Lair:2)
  12 frost giants
  12 emperor scorpions
  4 spriggan defenders
  53 large abominations
  2 draconian annihilators
  6 blood saints (Pan)
  5 draconian shifters
  A draconian caller (Depths:5)
  4 salamander firebrands
  35 reapers
  21 rakshasas
  6 lorocyprocas
  4 deep elf demonologists (Elf:3)
  16 apis (Pan)
  12 war gargoyles
  14 very ugly things
  3 green draconians
  5 corrupters (Pan)
  7 grey draconians
  11 ophanim (Pan)
  5 dire elephants
  4 yellow draconians
  Azrael (Spider:1)
  5 mottled draconians
  10 deep elf annihilators
  18 stone giants
  4 black draconians
  2 pale draconians
  4 black suns (Pan)
  5 white draconians
  14 blizzard demons
  6 red draconians
  3 eidola
  5 chaos champions (Pan)
  6 unborn
  13 vampire knights
  4 deep elf death magi
  3 crystal guardians (Crypt:3)
  2 quicksilver dragon zombies
  10 mummy priests
  12 fire dragons
  13 ironheart preservers
  3 death oozes
  5 jiangshi
  6 green deaths (Pan)
  18 ettins
  4 minotaurs
  48 vault guards
  6 deep elf high priests
  16 great orbs of eyes
  5 death cobs
  21 yaktaur captains
  An anaconda (shapeshifter) (Depths:3)
  Harold (D:15)
  17 ice dragons
  6 small abominations
  3 quicksilver dragon skeletons
  11 deep troll earth magi
  12 monstrous demonspawn (Pan)
  A shambling mangrove (Swamp:4)
  19 hydras
  14 centaur warriors
  A spriggan air mage (Depths:4)
  2 satyrs (WizLab)
  3 death knights
  11 ogre magi
  2 alligators
  12 death yaks
  2 ghost crabs
  5 tengu warriors
  3 orc high priests
  11 dancing weapons
  9 titan zombies
  3 storm dragon zombies
  6 thrashing horrors
  4 spriggan berserkers
  A vampire mage (Depths:3)
  3 iron golems
  13 deep troll shamans
  6 hell hogs
  Nergalle (Lair:4)
  A fire crab (shapeshifter) (Vaults:3)
  A titan skeleton (Crypt:2)
  14 shadow wraiths
  5 wretched stars (Abyss:2)
  46 hell knights
  27 deep elf knights
  42 sun demons
  51 deep trolls
  2 fire crabs (Lair:8)
  8 iron trolls
  10 cherubim (Pan)
  89 skeletal warriors
  A sea snake (shapeshifter) (Depths:3)
  2 unseen horrors (shapeshifter)
  2 unseen horrors (D:14)
  10 orb spiders
  3 storm dragon skeletons
  6 flayed ghosts
  17 soul eaters
  5 golden dragon zombies
  35 ice devils
  A salamander mystic (Geh:2)
  9 starcursed masses (Abyss:2)
  4 giant orange brains
  10 shadow demons
  25 hellions
  9 infernal demonspawn
  19 hill giants
  12 swamp dragons
  3 ghost moth zombies
  5 deep elf summoners
  2 gelid demonspawn (Pan)
  A death drake (shapeshifter) (Spider:4)
  6 torturous demonspawn (Pan)
  16 ironbrand convokers
  15 putrid demonspawn (Pan)
  3 ice statues
  2 spriggan druids
  8 anaconda zombies
  3 shadow dragon zombies
  Erolcha (D:9)
  15 deep elf conjurers
  12 wizards
  2 golden dragon skeletons
  23 orc knights
  5 harpies (Vaults:1)
  4 anaconda skeletons
  A fire giant zombie (Crypt:1)
  A wolf spider (shapeshifter) (Depths:5)
  A wolf spider zombie (Coc:2)
  7 stone giant zombies
  32 wolf spiders
  A cyclops (Vaults:2)
  10 phantasmal warriors
  7 red wasps
  39 ugly things
  8 frost giant zombies
  6 griffons
  2 iron dragon zombies
  A shining eye (shapeshifter) (Depths:3)
  A shadow dragon skeleton (Coc:6)
  31 necromancers
  34 sixfirhies
  3 salamanders
  A manticore (shapeshifter) (Vaults:4)
  2 fauns (WizLab)
  8 orc sorcerers
  5 manticores
  A sphinx skeleton (Crypt:1)
  9 moths of wrath
  A moth of wrath (shapeshifter) (Vaults:5)
  A spectral alligator (Tomb:2)
  2 iron dragon skeletons
  A demonspawn zombie (Pan)
  2 shining eyes (Slime:6)
  7 titan simulacra
  8 frost giant skeletons
  A worldbinder (Abyss:1)
  4 fire giant skeletons
  4 black mambas
  Joseph (Orc:3)
  An eye of devastation (Slime:6)
  24 orange demons
  21 vault sentinels
  3 dire elephant zombies
  3 spriggan zombies
  16 tormentors
  4 stone giant skeletons
  A storm dragon simulacrum (Coc:7)
  8 gargoyles
  A guardian serpent (Vaults:4)
  4 molten gargoyles
  An item mimic (Lair:7)
  13 spiny frogs
  A guardian serpent (shapeshifter) (Depths:2)
  An octopode (shapeshifter) (Vaults:1)
  3 torpor snails
  2 dire elephant skeletons
  30 smoke demons
  19 hellwings
  20 demonic crawlers
  3 ancient zymes
  24 iron devils
  57 yaktaurs
  A white draconian zombie (Zot:2)
  A feature mimic (D:11)
  An emperor scorpion zombie (Geh:6)
  2 kobold demonologists
  7 efreet
  2 elves (shapeshifter)
  58 guardian mummies
  2 redback zombies (D:15)
  7 komodo dragons
  A spectral merfolk (Tomb:1)
  38 red devils
  4 anaconda simulacra
  5 trolls
  A sea snake skeleton (Crypt:2)
  A wind drake (Spider:4)
  12 freezing wraiths
  A jumping spider (shapeshifter) (Depths:4)
  2 queen bees (Spider:4)
  19 deep elf priests
  4 hydra zombies
  A harpy skeleton (Dis:6)
  4 tengu conjurers
  21 jumping spiders
  2 polar bears (shapeshifter) (Depths:4)
  2 giant leeches
  26 blue devils
  21 ravens
  27 two-headed ogres
  3 wandering mushrooms
  4 boulder beetles
  A catoblepas skeleton (Coc:1)
  3 silent spectres
  A snapping turtle (shapeshifter) (Vaults:5)
  5 bog bodies
  6 blink frogs
  5 ice dragon zombies
  3 hydra skeletons
  37 deep elf magi
  4 basilisks
  2 blink frogs (shapeshifter)
  2 deep troll zombies (Depths:1)
  2 alligator zombies
  5 ettin zombies
  3 frost giant simulacra
  A raiju (Abyss:2)
  2 black mamba zombies
  3 fire dragon zombies
  23 shadows
  A fire giant simulacrum (Tomb:2)
  3 basilisks (shapeshifter)
  2 yaks (shapeshifter)
  38 slime creatures
  A wolf spider simulacrum (D:15)
  27 redbacks
  8 spriggans
  73 flying skulls
  3 water elementals
  2 spriggans (shapeshifter)
  3 ice dragon skeletons
  15 wraiths
  2 alligator skeletons
  19 tarantellas
  9 trapdoor spiders
  10 vampires
  11 ynoxinuls
  3 fire dragon skeletons
  12 fire elementals
  A wyvern (D:14)
  A griffon skeleton (D:15)
  2 redbacks (shapeshifter)
  36 yaks
  A hill giant zombie (D:12)
  5 ettin skeletons
  2 tarantellas (shapeshifter) (Vaults:4)
  Eustachio (Orc:1)
  10 chaos spawn
  8 hell beasts
  15 vampire mosquitoes
  3 black mamba skeletons
  2 fire bats (Abyss:2)
  A giant leech zombie (Crypt:2)
  2 golden eyes (Slime:2)
  2 hill giant skeletons (D:14)
  5 hungry ghosts
  54 deep elf fighters
  12 wolves
  A wolf (shapeshifter) (Vaults:4)
  20 neqoxecs
  6 hippogriffs
  3 mottled dragons (D:15)
  A hog (shapeshifter) (Depths:1)
  3 wargs
  A spiny frog zombie (Coc:5)
  2 putrid demonspawn zombies (Crypt:2)
  13 swamp worms
  21 hell hounds
  5 human skeletons
  2 merfolk skeletons
  15 water moccasins
  A hydra simulacrum (Coc:7)
  16 ice beasts
  62 orc warriors
  24 spiders
  5 spiny frog skeletons
  5 sky beasts
  12 boggarts
  2 alligator simulacra
  5 phantoms
  48 ogres
  8 porcupines
  10 swamp drakes
  A black bear (D:13)
  A manticore zombie (Geh:5)
  A swamp dragon zombie (Crypt:3)
  2 snapping turtle zombies
  A boring beetle (shapeshifter) (Vaults:3)
  5 human zombies
  30 centaurs
  21 necrophages
  A snapping turtle skeleton (Pan)
  3 manticore skeletons
  2 swamp dragon skeletons
  A lost soul (Crypt:3)
  12 crocodiles
  6 boring beetles
  13 yellow wasps
  Duvessa (D:8)
  A yaktaur zombie (D:15)
  4 brain worms (Pan)
  2 earth elementals (WizLab)
  2 human simulacra
  An ogre simulacrum (D:15)
  17 giant frogs
  2 gnoll sergeants (D:9)
  2 yaktaur skeletons
  3 eyes of draining
  16 insubstantial wisps
  27 killer bees
  A warg zombie (Vaults:4)
  2 orc simulacra
  6 scorpions
  2 electric eels (Spider:5)
  2 tengu zombies
  An eye of draining (shapeshifter) (Vaults:3)
  2 water moccasin skeletons
  44 wights
  Dowan (D:8)
  5 quasits
  A goliath beetle (D:6)
  2 centaur zombies
  27 orc priests
  19 crimson imps
  4 elf zombies
  12 iron imps
  A gnoll shaman (D:8)
  6 hounds
  19 jellies
  24 orc wizards
  A spectral porcupine (Tomb:3)
  A demonspawn skeleton (Crypt:1)
  7 iguanas
  8 worker ants
  An orange rat (Elf:3)
  An elf simulacrum (Vaults:4)
  6 ogre zombies
  19 sheep
  Jessica (D:2)
  A naga zombie (Crypt:2)
  A mottled dragon skeleton (Crypt:2)
  28 mummies
  An orange rat zombie (Crypt:1)
  27 gnolls
  7 shadow imps
  20 white imps
  20 adders
  34 green rats
  An inept feature mimic (D:6)
  4 worms
  22 ufetubi
  2 giant eyeballs (D:15)
  2 giant geckos
  3 oozes (Lair:7)
  193 orcs
  10 bats
  A bat zombie (D:7)
  3 giant cockroaches
  24 goblins
  20 hobgoblins
  2 giant newts
  3 giant spores
  A goblin zombie (D:12)
  A hobgoblin skeleton (D:12)
  4 hobgoblin zombies (D:12)
  6 jackals
  4 kobolds
  21 orc zombies
  11 quokkas
  A quokka skeleton (Crypt:1)
  2 quokka zombies
  13 rats
  5 spectral orcs
  7 ballistomycetes
  2 briar patches (WizLab)
  7 fungi
  A grand avatar (Pan)
  6 plants
  2 starspawn tentacles (Abyss:2)
  9 toadstools (WizLab)
4208 creatures vanquished.

Vanquished Creatures (collateral kills)
  A greater mummy (Tomb:3)
  A Killer Klown (Zot:5)
  A golden dragon (Zot:5)
  Jory (Depths:3)
  3 electric golems
  A deep elf blademaster (Elf:3)
  6 Orb Guardians (Zot:5)
  A shadow dragon (Zot:5)
  An azure jelly (Slime:6)
  An orc warlord (Orc:4)
  A deep elf demonologist (Elf:3)
  A dire elephant (Lair:8)
  A yellow draconian (Zot:1)
  A deep elf annihilator (Elf:3)
  A red draconian (Zot:1)
  A pale draconian (Zot:1)
  A deep elf death mage (Elf:3)
  A fire dragon (Zot:1)
  A mummy priest (Tomb:3)
  2 ice dragons (Zot:1)
  A shadow wraith (Tomb:1)
  An orc knight (Orc:4)
  5 moths of wrath (Zot:1)
  3 orange demons (Lair:8)
  A demonic crawler (Pan)
  2 guardian mummies (Tomb:3)
  2 red devils
  A blue devil (Lair:8)
  A chaos spawn (Tomb:3)
  3 orc warriors (Orc:4)
  A lost soul (Elf:3)
  A crocodile (Lair:8)
  2 mummies
  An orc (Orc:4)
53 creatures vanquished.

Vanquished Creatures (others)
  An eldritch tentacle (Pan)
  4 Executioners
  A tengu reaver (Vaults:5)
  2 fire giants (Geh:7)
  2 frost giants (Coc:7)
  2 balrugs
  3 cacodemons
  A corrupter (Pan)
  A grey draconian (Zot:1)
  A rakshasa (Depths:2)
  4 blizzard demons
  2 green deaths
  An orb spider (Spider:1)
  3 ball lightnings (Pan)
  A wizard (Lair:8)
  A shadow demon (Pan)
  A flayed ghost (Depths:3)
  A wolf spider (Spider:1)
  An ugly thing (Vaults:2)
  A deep elf conjurer (Depths:1)
  A slime creature (Slime:6)
  3 sixfirhies
  A smoke demon (Lair:3)
  A kobold demonologist (Abyss:2)
  A hellwing (Orc:4)
  A blue devil (Dis:7)
  2 water elementals (Vaults:5)
  A fire vortex (Pan)
  An anaconda simulacrum (Coc:7)
  A hydra skeleton (Hell)
  A vampire (Geh:7)
  A deep elf mage (Elf:1)
  3 ynoxinuls
  5 fire elementals
  A deep elf fighter (Elf:1)
  2 small abominations (Abyss:2)
  2 spiders (Spider:1)
  A boggart (Depths:3)
  A crocodile (Lair:8)
  9 lost souls
  An eye of draining (Slime:6)
  5 ufetubi (Lair:8)
  A giant spore (D:8)
  A block of ice (Pan)
  170 eldritch tentacle segments
  A fungus (Lair:4)
  A plant (Lair:5)
  6 starspawn tentacles (Abyss:2)
  94 starspawn tentacle segments (Abyss:2)
353 creatures vanquished.

Grand Total: 4614 creatures vanquished

Notes
Turn   | Place    | Note
--------------------------------------------------------------
     0 | D:1      | magipi, the Deep Dwarf Gladiator, began the quest for the Orb.
     0 | D:1      | Reached XP level 1. HP: 19/19 MP: 1/1
   174 | D:1      | Reached XP level 2. HP: 26/26 MP: 2/2
   470 | D:2      | Reached skill level 4 in Axes
   477 | D:2      | Reached XP level 3. HP: 22/32 MP: 3/3
   503 | D:2      | Found a shadowy altar of Dithmenos.
   603 | D:2      | Noticed Jessica
   606 | D:2      | Killed Jessica
   606 | D:2      | Reached XP level 4. HP: 36/39 MP: 4/4
   967 | D:4      | Found a shimmering altar of Xom.
  1063 | D:4      | Reached skill level 5 in Axes
  1117 | D:4      | Reached XP level 5. HP: 32/45 MP: 5/5
  1657 | D:5      | Entered Level 5 of the Dungeon
  1657 | D:5      | Noticed a centaur
  1668 | D:5      | Killed a centaur
  1668 | D:5      | Reached skill level 6 in Axes
  1668 | D:5      | Reached XP level 6. HP: 39/52 MP: 6/6
  1809 | D:5      | Noticed an ice beast
  1815 | D:5      | Killed an ice beast
  1815 | D:5      | Reached skill level 7 in Axes
  1844 | D:5      | Noticed a centaur
  1853 | D:5      | Killed a centaur
  1853 | D:5      | Reached XP level 7. HP: 43/58 MP: 7/7
  1906 | D:5      | Reached skill level 8 in Axes
  2092 | D:6      | Reached skill level 9 in Axes
  2219 | D:6      | Found a staircase to the Ecumenical Temple.
  2236 | Temple   | Entered the Ecumenical Temple
  2260 | Temple   | Became a worshipper of Makhleb the Destroyer
  2477 | D:6      | Reached skill level 10 in Axes
  2477 | D:6      | Reached XP level 8. HP: 59/66 MP: 7/7
  2689 | D:7      | Acquired Makhleb's first power
  2979 | D:7      | Found a bloodstained altar of Trog.
  2980 | D:7      | Found an iron altar of Okawaru.
  3020 | D:7      | Found a stormy altar of Qazlal.
  3045 | D:7      | Reached skill level 11 in Axes
  3196 | D:8      | Noticed Duvessa
  3196 | D:8      | Noticed Dowan
  3219 | D:8      | Killed Duvessa
  3219 | D:8      | Reached skill level 1 in Armour
  3246 | D:8      | Killed Dowan
  3342 | D:8      | Acquired Makhleb's second power
  3372 | D:8      | Found a basalt altar of Yredelemnul.
  3571 | D:8      | Noticed a gargoyle
  3597 | D:8      | Killed a gargoyle
  3705 | D:8      | Found a sparkling altar of Nemelex Xobeh.
  3819 | D:9      | Gained mutation: You passively map the area around you. [level up]
  3819 | D:9      | Reached XP level 9. HP: 46/76 MP: 6/6
  3966 | D:9      | Reached skill level 1 in Invocations
  3994 | D:9      | Acquired Makhleb's third power
  4134 | D:10     | Entered Level 10 of the Dungeon
  4205 | D:10     | Reached skill level 12 in Axes
  4212 | D:10     | Reached skill level 5 in Armour
  4307 | D:10     | Reached skill level 5 in Fighting
  4424 | D:9      | Noticed a two-headed ogre
  4432 | D:9      | Killed a two-headed ogre
  4480 | D:9      | Noticed a troll
  4486 | D:9      | Reached XP level 10. HP: 64/88 MP: 14/14
  4494 | D:9      | Killed a troll
  4494 | D:9      | Reached skill level 5 in Invocations
  4573 | D:9      | Noticed Erolcha
  4581 | D:9      | Killed Erolcha
  4806 | D:10     | Acquired Makhleb's fourth power
  4833 | D:10     | Reached skill level 1 in Evocations
  4868 | D:10     | Noticed a hill giant
  4892 | D:10     | Killed a hill giant
  5007 | D:11     | Found a frozen archway.
  5032 | IceCv    | Entered an ice cave
  5083 | IceCv    | Noticed an ice statue
  5083 | IceCv    | Noticed an ice statue
  5094 | IceCv    | Killed an ice statue
  5094 | IceCv    | Reached skill level 5 in Evocations
  5105 | IceCv    | Killed an ice statue
  5105 | IceCv    | Reached XP level 11. HP: 37/97 MP: 16/16
  5267 | D:10     | Acquired Makhleb's fifth power
  5760 | D:8      | Found a staircase to the Lair.
  5766 | Lair:1   | Entered Level 1 of the Lair of Beasts
  6250 | Lair:2   | Noticed Gastronok
  6423 | Lair:2   | Killed Gastronok
  6651 | Lair:2   | Noticed a four-headed hydra
  6673 | Lair:2   | Killed a four-headed hydra
  6673 | Lair:2   | Reached skill level 10 in Invocations
  6904 | Lair:2   | Noticed an eight-headed hydra
  6973 | Lair:3   | Found a staircase to the Swamp.
  7098 | Lair:3   | Reached skill level 10 in Armour
  7123 | Lair:3   | Noticed Nergalle
  7638 | Lair:5   | Reached skill level 10 in Evocations
  7686 | Lair:5   | Reached XP level 12. HP: 49/105 MP: 18/18
  8225 | Lair:6   | Found a stormy altar of Qazlal.
  8369 | Lair:7   | Found a staircase to the Slime Pits.
  8428 | Lair:7   | Identified a scroll of acquirement
  8868 | Lair:8   | Entered Level 8 of the Lair of Beasts
  9083 | Lair:8   | Noticed a dire elephant
  9256 | Lair:8   | Reached skill level 13 in Axes
  9396 | Lair:8   | Noticed a six-headed hydra
  9403 | Lair:8   | Killed a one-headed hydra
  9403 | Lair:8   | Reached XP level 13. HP: 55/117 MP: 18/18
  9452 | Lair:8   | Found a burning altar of Makhleb.
  9596 | Lair:8   | Noticed a dire elephant
  9617 | Lair:8   | Killed a dire elephant
  9631 | Lair:8   | Noticed a dire elephant
  9798 | Lair:8   | Found a gateway to Hell.
  9830 | Lair:8   | Killed a dire elephant
  9985 | Lair:6   | Identified a -2 rod of clouds (14/14) (You found it on level 6 of the Lair of Beasts)
 10111 | Lair:4   | Got a warped battleaxe
 10114 | Lair:4   | Identified the +11 battleaxe of Irritation {chop, rC+ MR+ Str+1} (You found it on level 4 of the Lair of Beasts)
 10362 | Lair:4   | Reached skill level 14 in Axes
 10435 | Lair:4   | Found a hole to the Spider Nest.
 11127 | D:12     | Found a staircase to the Orcish Mines.
 11192 | Orc:1    | Entered Level 1 of the Orcish Mines
 11349 | Orc:2    | Found Gasopa's Book Emporium.
 11450 | Orc:1    | Noticed Eustachio
 11519 | Orc:1    | Killed Eustachio
 11637 | Orc:1    | Found a roughly hewn altar of Beogh.
 11716 | Orc:2    | Reached skill level 10 in Fighting
 12041 | Orc:3    | Noticed Joseph
 12060 | Orc:3    | Killed Joseph
 12178 | Orc:4    | Entered Level 4 of the Orcish Mines
 12178 | Orc:4    | Found Mnotaot's Antique Weapon Emporium.
 12255 | Orc:4    | Found a staircase to the Elven Halls.
 12257 | Orc:4    | Bought a dazzling battleaxe for 230 gold pieces
 12261 | Orc:4    | Identified the +4 battleaxe "Fruvvoif" {flame, rC+ Str+2 Dex+2} (You bought it in a shop on level 4 of the Orcish Mines)
 12276 | Orc:4    | Found a burning altar of Makhleb.
 12299 | Orc:4    | Noticed an orc warlord
 12311 | Orc:4    | Killed an orc warlord
 12311 | Orc:4    | Reached skill level 15 in Axes
 12324 | Orc:4    | Gained mutation: You resist negative energy. [level up]
 12324 | Orc:4    | Reached XP level 14. HP: 60/133 MP: 18/18
 12341 | Orc:4    | Found Hageh's Book Shoppe.
 12475 | Orc:4    | Found Eli Shoc's Antique Armour Shop.
 12503 | Orc:4    | Bought a crude plate armour for 616 gold pieces
 12503 | Orc:4    | Bought a pair of embroidered boots for 99 gold pieces
 12503 | Orc:4    | Bought a runed cloak for 99 gold pieces
 12550 | Orc:3    | Identified the cursed -4 plate armour of Amorality {Dex-1} (You bought it in a shop on level 4 of the Orcish Mines)
 12642 | Orc:4    | Found Peamp's General Store.
 12649 | Orc:4    | Found Prel's Food Boutique.
 12650 | Orc:4    | Bought a scroll of summoning for 104 gold pieces
 12650 | Orc:4    | Bought a wand of invisibility (7) for 121 gold pieces
 12784 | Orc:4    | Bought a runed scale mail for 88 gold pieces
 12818 | Orc:3    | Found a roughly hewn altar of Beogh.
 13552 | D:13     | Found Furphet's General Store.
 14056 | D:13     | Found a gate to the Vaults.
 14111 | D:13     | Reached skill level 5 in Dodging
 14137 | D:13     | Reached skill level 16 in Axes
 14352 | D:14     | Found a labyrinth entrance.
 14369 | Lab      | Entered a labyrinth
 14796 | Lab      | Got a transparent amethyst amulet
 14799 | Lab      | Identified the amulet of Xom's Generosity {Faith +Blink +Rage} (You found it in a labyrinth)
 15246 | D:15     | Entered Level 15 of the Dungeon
 15285 | D:15     | Found a basalt altar of Yredelemnul.
 15346 | D:15     | Got a smoking lead ring
 15348 | D:15     | Identified the cursed ring "Esyuntyr" {AC+4 Dex+4} (You found it on level 15 of the Dungeon)
 15369 | D:15     | Paralysed by a giant eyeball for 2 turns
 15399 | D:15     | Reached XP level 15. HP: 141/144 MP: 19/19
 15420 | D:15     | Found a glowing silver altar of Zin.
 15454 | D:15     | Reached skill level 17 in Axes
 15510 | D:15     | Got a shimmering brass ring
 15512 | D:15     | Identified the ring "Apiucs" {rC+ Slay+3} (You found it on level 15 of the Dungeon)
 15554 | D:15     | Found an iron altar of Okawaru.
 15573 | D:15     | Paralysed by a giant eyeball for 4 turns
 15656 | D:15     | Got a pitted steel ring
 15658 | D:15     | Identified the ring "Anaew" {MP+9 Str+3 Slay+4} (You found it on level 15 of the Dungeon)
 15912 | D:15     | Noticed Harold
 15938 | D:15     | Killed Harold
 15993 | D:15     | Found a staircase to the Depths.
 15993 | D:15     | Noticed a frost giant
 16002 | D:15     | Killed a frost giant
 16538 | Spider:1 | Entered Level 1 of the Spider Nest
 16546 | Spider:1 | Reached skill level 18 in Axes
 16563 | Spider:1 | Noticed Azrael
 16656 | Spider:1 | Killed Azrael
 17249 | Spider:4 | Reached XP level 16. HP: 158/158 MP: 20/20
 17451 | Spider:5 | Entered Level 5 of the Spider Nest
 17761 | Spider:5 | Reached skill level 19 in Axes
 18306 | Spider:5 | Got a gossamer rune of Zot
 18577 | Spider:3 | Reached skill level 15 in Fighting
 18942 | Lair:3   | Noticed an alligator
 18952 | Lair:3   | Killed an alligator
 18959 | Swamp:1  | Entered Level 1 of the Swamp
 19411 | Swamp:4  | Reached skill level 20 in Axes
 19479 | Swamp:4  | Reached XP level 17. HP: 170/170 MP: 20/20
 19510 | Swamp:5  | Entered Level 5 of the Swamp
 19585 | Swamp:5  | Noticed the 27-headed Lernaean hydra
 19595 | Swamp:5  | Killed the 27-headed Lernaean hydra
 19788 | Swamp:5  | Got a decaying rune of Zot
 20071 | Lair:2   | Killed a five-headed hydra
 20269 | Vaults:1 | Entered Level 1 of the Vaults
 20375 | Vaults:1 | Noticed Donald
 20386 | Vaults:1 | Killed Donald
 20458 | Vaults:2 | Noticed Frederick
 20486 | Vaults:2 | Killed Frederick
 20615 | Vaults:2 | Reached skill level 21 in Axes
 20719 | Vaults:2 | Found a staircase to the Crypt.
 21209 | Vaults:4 | Gained mutation: You passively map a large area around you. [level up]
 21209 | Vaults:4 | Reached XP level 18. HP: 183/183 MP: 21/21
 21563 | Vaults:4 | Noticed a tentacled monstrosity
 21572 | Vaults:4 | Killed a tentacled monstrosity
 22162 | Vaults:3 | Reached skill level 10 in Dodging
 22400 | Vaults:3 | Reached XP level 19. HP: 193/193 MP: 22/22
 22557 | Vaults:3 | Noticed a tentacled monstrosity
 22583 | Vaults:3 | Killed a tentacled monstrosity
 22588 | Vaults:3 | Noticed a lich
 22608 | Vaults:3 | Killed a lich
 22643 | Vaults:3 | Reached skill level 15 in Armour
 23001 | Vaults:3 | Noticed a tentacled monstrosity
 23012 | Vaults:3 | Killed a tentacled monstrosity
 24679 | Elf:1    | Entered Level 1 of the Elven Halls
 24705 | Elf:1    | Found a radiant altar of Vehumet.
 24974 | Elf:2    | Reached XP level 20. HP: 201/201 MP: 22/22
 25071 | Elf:3    | Entered Level 3 of the Elven Halls
 25403 | Elf:3    | Found a portal to a secret trove of treasure.
 25587 | Elf:3    | Got a faintly humming scale mail
 25611 | Elf:3    | Identified the cursed -1 scale mail of the Townfolk {rC+ MR+ Str+3 Stlth+} (You found it on level 3 of the Elven Halls)
 25764 | Elf:3    | Got an ivory battleaxe
 25765 | Elf:3    | Identified the +9 battleaxe of the Silent Majority {holy, Stlth+} (You took it off a deep elf fighter on level 3 of the Elven Halls)
 25768 | Elf:3    | Identified Vehumet's Papyrus of Conjuration
 25825 | Elf:3    | Identified the Disquisition on the Voyage (You found it on level 3 of the Elven Halls)
 25828 | Elf:3    | Learned a level 1 spell: Apportation
 25831 | Elf:3    | Learned a level 2 spell: Blink
 25848 | Elf:3    | Got a brightly glowing chain mail
 25859 | Elf:3    | Identified the +7 chain mail of the Fifty Wishes {Slay-1} (You found it on level 3 of the Elven Halls)
 25913 | Elf:3    | Got a heavily runed scale mail
 25924 | Elf:3    | Identified the +9 scale mail "Quneh" {Str+3 Int+4 Stlth+} (You found it on level 3 of the Elven Halls)
 25934 | Elf:3    | Got a shimmering scale mail
 25940 | Elf:3    | Identified the +4 scale mail "Pusosmom" {Stlth+} (You found it on level 3 of the Elven Halls)
 25973 | Elf:3    | Reached skill level 1 in Translocations
 25979 | Elf:3    | Reached skill level 1 in Spellcasting
 25992 | Elf:3    | Got a scintillating bronze ring
 25994 | Elf:3    | Identified the ring of Tuergh {Fire Str+3 Int+3} (You found it on level 3 of the Elven Halls)
 26001 | Elf:3    | Got a smoking ring mail
 26017 | Elf:3    | Identified the +3 ring mail "Mecaugunt" {rElec rN+ MR+} (You found it on level 3 of the Elven Halls)
 26180 | Elf:3    | Found a roughly hewn altar of Beogh.
 26190 | Elf:3    | Found Steloluf's General Store.
 26207 | Elf:3    | Bought a scroll of enchant armour for 82 gold pieces
 26207 | Elf:3    | Bought a scroll of magic mapping for 38 gold pieces
 26649 | Elf:1    | Reached skill level 5 in Translocations
 26696 | Orc:4    | Bought a book of Wizardry for 510 gold pieces
 26704 | Orc:4    | Learned a level 6 spell: Haste
 26741 | Orc:2    | Bought a book of Minor Magic for 220 gold pieces
 26745 | Orc:2    | Learned a level 2 spell: Repel Missiles
 26855 | D:14     | Learned a level 4 spell: Control Teleport
 26908 | Depths:1 | Entered Level 1 of the Depths
 26920 | Depths:1 | Reached skill level 1 in Charms
 27075 | Depths:1 | Found Umamiwna's Elemental Accessories.
 27240 | Depths:1 | Reached skill level 5 in Charms
 27338 | Depths:1 | Found a magical portal.
 27345 | WizLab   | Entered Eringya's Formal Garden
 27479 | WizLab   | Found a blossoming altar of Fedhas.
 27521 | WizLab   | Identified The Advanced Guide to Sorcery
 27524 | WizLab   | Identified the Incunabulum of Talismans
 27538 | WizLab   | Identified the Catalogue of Black Secrets and Ignition
 27541 | WizLab   | Identified The Intricacies of Spellweaving
 27804 | Depths:1 | Found a shattered altar of Ashenzari.
 27835 | Depths:1 | Reached XP level 21. HP: 208/208 MP: 23/23
 27870 | Depths:1 | Found a one-way gate leading to the halls of Pandemonium.
 28207 | Depths:3 | Found a gateway to a ziggurat.
 28336 | Depths:3 | Noticed Jory
 28354 | Depths:3 | Killed Jory
 28354 | Depths:3 | Reached skill level 10 in Charms
 28805 | Depths:3 | Identified a +4 rod of the swarm (11/11) (You found it on level 3 of the Depths)
 28876 | Depths:4 | Noticed Saint Roka
 28911 | Depths:4 | Killed Saint Roka
 29515 | Depths:4 | Found a one-way gate to the infinite horrors of the Abyss.
 29876 | Depths:4 | Noticed a greater mummy
 29989 | Depths:4 | Killed a greater mummy
 29989 | Depths:4 | Reached XP level 22. HP: 145/217 MP: 23/23
 30209 | Depths:5 | Entered Level 5 of the Depths
 30243 | Depths:5 | Reached skill level 5 in Spellcasting
 30741 | Depths:5 | Noticed Boris
 30757 | Depths:5 | Killed Boris
 30896 | Depths:5 | Found a gate to the Realm of Zot.
 32692 | Crypt:1  | Entered Level 1 of the Crypt
 32708 | Crypt:1  | Noticed Mara
 32746 | Crypt:1  | Killed Mara
 32746 | Crypt:1  | Reached XP level 23. HP: 143/230 MP: 19/24
 32768 | Crypt:3  | Entered Level 3 of the Crypt
 32895 | Crypt:3  | Found a staircase to the Tomb.
 33219 | Crypt:3  | Found a basalt altar of Yredelemnul.
 33219 | Crypt:3  | Noticed an ancient lich
 33234 | Crypt:3  | Killed an ancient lich
 33270 | Crypt:3  | Learned a level 3 spell: Portal Projectile
 33275 | Crypt:3  | Learned a level 4 spell: Passage of Golubria
 33297 | Crypt:3  | Got a sparkling copper ring
 33299 | Crypt:3  | Identified the ring of Xom's Righteous Anger {+cTele rC-} (You found it on level 3 of the Crypt)
 33865 | Crypt:2  | Reached skill level 15 in Dodging
 34602 | Vaults:5 | Entered Level 5 of the Vaults
 35047 | Vaults:5 | Reached XP level 24. HP: 244/244 MP: 13/25
 35326 | Vaults:5 | Got a silver rune of Zot
 35748 | Vaults:5 | Got a pair of polished boots
 35749 | Vaults:5 | Identified the cursed -3 pair of boots of a wizard's laboratory {Dex+2 Int+3} (You found it on level 5 of the Vaults)
 36183 | Vaults:5 | Identified Easy Wizardry
 36684 | Elf:3    | You paid a toll of 2 scrolls of acquirement to enter a treasure trove
 36685 | Trove    | Entered a treasure trove
 36698 | Trove    | Identified the Reference Book on Creative Hexes
 36701 | Trove    | Learned a level 1 spell: Summon Butterflies
 36705 | Trove    | Learned a level 3 spell: Spectral Weapon
 36719 | Trove    | Identified Sif Muna's Almanac of Augmentations
 36769 | Trove    | Learned a level 3 spell: Flight
 37418 | Slime:1  | Entered Level 1 of the Pits of Slime
 37612 | Slime:6  | Entered Level 6 of the Pits of Slime
 37685 | Slime:6  | Noticed the royal jelly
 37698 | Slime:6  | Killed the royal jelly
 37698 | Slime:6  | Reached XP level 25. HP: 252/252 MP: 20/25
 37781 | Slime:6  | Got a pitted bone ring
 37783 | Slime:6  | Identified the ring "Xuis" {Contam rF+ rN+ AC+1 Int+4} (You found it on level 6 of the Pits of Slime)
 37793 | Slime:6  | Got a fine copper amulet
 37794 | Slime:6  | Identified the amulet "Ablyub" {Stasis rPois Int+1} (You found it on level 6 of the Pits of Slime)
 37826 | Slime:6  | Identified a +2 rod of clouds (11/11) (You found it on level 6 of the Pits of Slime)
 37863 | Slime:6  | Got a slimy rune of Zot
 38071 | Lair:4   | Killed Nergalle
 38442 | Elf:3    | Got a distressingly furry ring mail
 38443 | Elf:3    | Identified the +1 ring mail "Douf" {Stlth++} (You found it on level 3 of the Elven Halls)
 38714 | Depths:1 | Reached skill level 1 in Summonings
 38772 | Hell     | Entered the Vestibule of Hell
 38772 | Hell     | Noticed Geryon
 38795 | Hell     | Killed Geryon
 38796 | Hell     | Noticed Murray
 38831 | Hell     | Killed Murray
 38921 | Hell     | Found a gateway to the Iron City of Dis.
 39028 | Hell     | Found a gateway to the ashen valley of Gehenna.
 39104 | Hell     | Found a gateway to the decaying netherworld of Tartarus.
 39170 | Hell     | Found a gateway to the freezing wastes of Cocytus.
 39183 | Hell     | Reached skill level 5 in Summonings
 39270 | Geh:1    | Entered Level 1 of Gehenna
 39387 | Geh:2    | Reached skill level 10 in Translocations
 39962 | Geh:7    | Entered Level 7 of Gehenna
 40100 | Geh:7    | Reached XP level 26. HP: 224/262 MP: 26/26
 40142 | Geh:7    | Identified the Disquisition on Conjuration
 40155 | Geh:7    | Got a smelly chain mail
 40156 | Geh:7    | Identified the +8 chain mail "Veboum" {Str+1 Int+5} (You found it on level 7 of Gehenna)
 40174 | Geh:7    | Got a shimmering steel ring
 40175 | Geh:7    | Identified the ring "Ghaulas" {+Fly Str+5 Dex+3} (You found it on level 7 of Gehenna)
 40337 | Geh:7    | Noticed Asmodeus
 40374 | Geh:7    | Killed Asmodeus
 40622 | Geh:7    | Got an obsidian rune of Zot
 40807 | Zot:1    | Entered Level 1 of the Realm of Zot
 41489 | Orc:2    | Bought a book of the Warp for 990 gold pieces
 41497 | Orc:2    | Learned a level 5 spell: Phase Shift
 41505 | Orc:2    | Learned a level 7 spell: Controlled Blink
 41659 | Pan      | Entered Pandemonium
 41781 | Pan      | Noticed Juol Mimp the pandemonium lord
 41797 | Pan      | Killed Juol Mimp the pandemonium lord
 41913 | Pan      | Reached skill level 5 in Throwing
 41987 | Pan      | Noticed Ypuar the pandemonium lord
 42055 | Pan      | Found an exit through the horrors of the Abyss.
 42525 | Pan      | Found a glowing golden altar of the Shining One.
 42577 | Pan      | Got a demonic rune of Zot
 42585 | Pan      | Got a sparkling silver amulet
 42586 | Pan      | Identified the amulet of Hicaugaimm {Stasis MR++ Str+1} (You found it in Pandemonium)
 42616 | Pan      | Reached XP level 27. HP: 191/273 MP: 26/26
 42620 | Pan      | Got a wavering wooden ring
 43039 | Pan      | Found a glowing silver altar of Zin.
 43052 | Pan      | Identified the ring of Ajuvi {Fire Slay+4 Curse} (You took it off a seraph in Pandemonium)
 43374 | Pan      | Found a white marble altar of Elyvilon.
 43390 | Pan      | Reached skill level 10 in Throwing
 43734 | Pan      | Noticed Vuleots the pandemonium lord
 43826 | Pan      | Killed Vuleots the pandemonium lord
 43838 | Pan      | Reached skill level 15 in Translocations
 43900 | Pan      | Found an exit through the horrors of the Abyss.
 44002 | Pan      | Got a twitching granite ring
 44003 | Pan      | Identified the ring "Elahakis" {EV+2 Str+2 Int+3} (You found it in Pandemonium)
 44151 | Pan      | Found an exit through the horrors of the Abyss.
 44181 | Pan      | Noticed Mod Ec Haebb the pandemonium lord
 44220 | Pan      | Killed Mod Ec Haebb the pandemonium lord
 44278 | Pan      | Identified a +1 pair of boots of running (You found it in Pandemonium)
 44606 | Pan      | Found an exit through the horrors of the Abyss.
 44715 | Pan      | Found an exit through the horrors of the Abyss.
 44972 | Pan      | Noticed Kloahomi the pandemonium lord
 45014 | Pan      | Entered the realm of Lom Lobon.
 45156 | Pan      | Noticed Lom Lobon
 45180 | Pan      | Killed Lom Lobon
 45232 | Pan      | Got a magical rune of Zot
 45285 | Pan      | Entered the realm of Gloorx Vloq.
 45505 | Pan      | Noticed Gloorx Vloq
 45654 | Pan      | Killed Gloorx Vloq
 45688 | Pan      | Got a dark rune of Zot
 45869 | Pan      | Noticed Ignacio
 45878 | Pan      | Killed Ignacio
 46259 | Pan      | Noticed Zadocutz the pandemonium lord
 46374 | Pan      | Found an exit through the horrors of the Abyss.
 46418 | Pan      | Entered the realm of Cerebov.
 46581 | Pan      | Noticed Cerebov
 46640 | Pan      | Reached skill level 10 in Spellcasting
 46725 | Pan      | Killed Cerebov
 46725 | Pan      | Reached skill level 15 in Throwing
 46766 | Pan      | Got an amethyst-encrusted chain mail
 46767 | Pan      | Identified the cursed -3 chain mail of Summertime {Str+1 Int+5} (You found it in Pandemonium)
 46770 | Pan      | Got a pitted bronze ring
 46771 | Pan      | Identified the ring of Lodux {SustAb Slay+5} (You found it in Pandemonium)
 46773 | Pan      | Identified the Handbook of Arcane Weapons and Stones
 46797 | Pan      | Got a glittering silver ring
 46798 | Pan      | Identified the ring "Chauraqi" {MR+ Dex+4 Int+4} (You found it in Pandemonium)
 46819 | Pan      | Got a fiery rune of Zot
 46962 | Pan      | Entered the realm of Mnoleg.
 46989 | Pan      | Found an exit through the horrors of the Abyss.
 47116 | Pan      | Noticed Mnoleg
 47169 | Pan      | Killed Mnoleg
 47246 | Pan      | Got a glowing rune of Zot
 47260 | Pan      | Took an exit into the Abyss.
 47260 | Abyss:1  | Escaped into the Abyss
 47261 | Abyss:1  | Found a corrupted altar of Lugonu.
 47475 | Abyss:2  | Found a corrupted altar of Lugonu.
 47498 | Abyss:2  | Found a shattered altar of Ashenzari.
 47519 | Abyss:2  | Reached skill level 22 in Fighting
 48045 | Abyss:2  | Paralysed by accursed screaming for 1 turns
 48107 | Abyss:3  | Found a corrupted altar of Lugonu.
 48152 | Abyss:3  | Got an abyssal rune of Zot
 48309 | Depths:1 | Escaped the Abyss
 48405 | Tar:1    | Entered Level 1 of Tartarus
 48942 | Tar:7    | Entered Level 7 of Tartarus
 48985 | Tar:7    | Noticed the Serpent of Hell
 48992 | Tar:7    | Killed the Serpent of Hell
 48996 | Tar:7    | Reached skill level 15 in Evocations
 49030 | Tar:7    | Noticed Ereshkigal
 49064 | Tar:7    | Got a bone rune of Zot
 49216 | Dis:1    | Entered Level 1 of the Iron City of Dis
 49631 | Dis:7    | Entered Level 7 of the Iron City of Dis
 50215 | Dis:7    | Noticed Dispater
 50319 | Dis:7    | Got an iron rune of Zot
 50782 | Zot:1    | Reached skill level 23 in Evocations
 50986 | Zot:2    | Reached skill level 24 in Evocations
 51155 | Zot:2    | Noticed an orb of fire
 51169 | Zot:2    | Killed an orb of fire
 51207 | Zot:2    | Reached skill level 25 in Evocations
 51748 | Coc:1    | Entered Level 1 of Cocytus
 51948 | Coc:3    | Reached skill level 26 in Evocations
 52181 | Coc:7    | Entered Level 7 of Cocytus
 52343 | Coc:7    | Reached skill level 27 in Evocations
 52602 | Coc:7    | Noticed magipi's ghost (legendary DDNe)
 52644 | Coc:7    | Killed magipi's ghost
 52694 | Coc:7    | Reached skill level 15 in Invocations
 52807 | Coc:7    | Noticed Antaeus
 52882 | Coc:7    | Got an icy rune of Zot
 53258 | Vaults:2 | Reached skill level 15 in Charms
 53526 | Tomb:1   | Entered Level 1 of the Tomb of the Ancients
 54095 | Tomb:2   | Noticed Boris
 54235 | Tomb:2   | Noticed Khufu
 54366 | Tomb:1   | Killed Khufu
 54394 | Tomb:2   | Killed Boris
 54425 | Tomb:2   | Gained mutation: Your magical capacity is low (-10% MP). [mutagenic glow]
 54437 | Tomb:2   | Identified Roxanne's Compendium of Clay and Shape Shifting (You found it on level 2 of the Tomb of the Ancients)
 54556 | Tomb:3   | Entered Level 3 of the Tomb of the Ancients
 54685 | Tomb:3   | Noticed an ancient lich
 54718 | Tomb:2   | Killed an ancient lich
 54845 | Tomb:3   | Noticed an ancient lich
 54904 | Tomb:2   | Killed an ancient lich
 55150 | Tomb:3   | Noticed an ancient lich
 55169 | Tomb:3   | Killed an ancient lich
 55362 | Tomb:3   | Got a golden rune of Zot
 56060 | Zot:5    | Entered Level 5 of the Realm of Zot
 56192 | Zot:5    | Noticed an ancient lich
 56227 | Zot:5    | Killed an ancient lich
 56297 | Zot:5    | Noticed an orb of fire
 56299 | Zot:5    | Noticed an orb of fire
 56302 | Zot:5    | Noticed an orb of fire
 56306 | Zot:5    | Noticed an orb of fire
 56321 | Zot:5    | Killed an orb of fire
 56330 | Zot:5    | Gained mutation: Your vision is a little blurry. [an orb of fire]
 56336 | Zot:5    | Killed an orb of fire
 56337 | Zot:5    | Killed an orb of fire
 56348 | Zot:5    | Gained mutation: You are frail (-10% HP). [an orb of fire]
 56349 | Zot:5    | Killed an orb of fire
 56440 | Zot:5    | Got the Orb of Zot
 56523 | Zot:5    | Noticed an ancient lich
 56529 | Zot:5    | Killed an ancient lich
 57088 | D:$      | Escaped with the Orb!

Action                   |  1- 3 |  4- 6 |  7- 9 | 10-12 | 13-15 | 16-18 | 19-21 | 22-24 | 25-27 || total
-------------------------+-------+-------+-------+-------+-------+-------+-------+-------+-------++-------
Melee: War axe           |    99 |       |       |       |       |       |       |       |       ||    99
       Battleaxe         |     3 |   156 |   381 |   552 |  1096 |  1056 |  1560 |  1714 |  5038 || 11556
       Executioner's axe |       |       |       |   189 |    69 |    55 |       |       |       ||   313
       Rod               |       |       |       |       |       |       |    14 |       |       ||    14
 Fire: Blowgun           |       |       |     5 |    31 |    36 |    21 |       |       |       ||    93
Throw: Tomahawk          |       |       |     2 |     2 |       |       |       |       |       ||     4
       Throwing net      |       |       |       |     1 |       |       |       |     1 |     2 ||     4
       Javelin           |       |       |       |       |       |       |       |       |    24 ||    24
 Cast: Repel Missiles    |       |       |       |       |       |       |     3 |     4 |    15 ||    22
       Apportation       |       |       |       |       |       |       |     1 |     6 |    41 ||    48
       Haste             |       |       |       |       |       |       |       |     9 |    54 ||    63
       Control Teleport  |       |       |       |       |       |       |       |     1 |    10 ||    11
       Blink             |       |       |       |       |       |       |       |     2 |       ||     2
       Summon Butterflie |       |       |       |       |       |       |       |       |     1 ||     1
       Portal Projectile |       |       |       |       |       |       |       |       |     9 ||     9
       Flight            |       |       |       |       |       |       |       |       |     7 ||     7
       Controlled Blink  |       |       |       |       |       |       |       |       |     4 ||     4
       Phase Shift       |       |       |       |       |       |       |       |       |     2 ||     2
Invok: Lesser Servant of |       |       |       |     4 |     4 |       |       |       |       ||     8
       Greater Servant o |       |       |       |       |     3 |     1 |     4 |       |    14 ||    22
 Abil: Device Recharging |       |       |     4 |     6 |     1 |       |       |       |    19 ||    30
       Evoke Teleportati |       |       |       |       |       |       |       |       |     8 ||     8
Evoke: Wand              |     1 |     3 |    22 |    61 |    39 |    27 |    21 |    28 |   155 ||   357
       Rod               |       |       |       |       |     1 |     1 |     4 |       |     1 ||     7
       Phial of floods   |       |       |       |       |       |       |       |     1 |       ||     1
       Lamp of fire      |       |       |       |       |       |       |       |       |     2 ||     2
  Use: Scroll            |       |    13 |    10 |    14 |    17 |    14 |    11 |    13 |    67 ||   159
       Potion            |       |       |     2 |     6 |     1 |     3 |     3 |     5 |    33 ||    53
 Stab: Distracted        |       |       |       |       |     4 |       |       |     5 |    11 ||    20
       Invisible         |       |       |       |       |       |     9 |       |       |       ||     9
       Sleeping          |       |       |       |       |       |       |       |     4 |       ||     4
       Held in net/web   |       |       |       |       |       |       |       |     1 |     1 ||     2
       Confused          |       |       |       |       |       |       |       |       |     1 ||     1
  Eat: Chunk             |       |     3 |     4 |     7 |     3 |       |     2 |       |       ||    19
       Beef jerky        |       |       |     1 |     1 |     2 |     2 |     1 |     2 |     5 ||    14
       Pizza             |       |       |     2 |     1 |     5 |       |     2 |     2 |     1 ||    13
       Bread ration      |       |       |       |     2 |       |       |     2 |     4 |     7 ||    15
       Fruit             |       |       |       |       |    19 |     3 |     5 |     7 |     9 ||    43
       Royal jelly       |       |       |       |       |       |     6 |     6 |     2 |     4 ||    18
       Meat ration       |       |       |       |       |       |       |       |       |    11 ||    11

Action                   |  1- 3 |  4- 6 |  7- 9 | 10-12 | 13-15 | 16-18 | 19-21 | 22-24 | 25-27 || total
-------------------------+-------+-------+-------+-------+-------+-------+-------+-------+-------++-------
Melee: War axe           |    99 |       |       |       |       |       |       |       |       ||    99
       Battleaxe         |     3 |   156 |   381 |   552 |  1096 |  1056 |  1560 |  1714 |  5038 || 11556
       Executioner's axe |       |       |       |   189 |    69 |    55 |       |       |       ||   313
       Rod               |       |       |       |       |       |       |    14 |       |       ||    14
 Fire: Blowgun           |       |       |     5 |    31 |    36 |    21 |       |       |       ||    93
Throw: Tomahawk          |       |       |     2 |     2 |       |       |       |       |       ||     4
       Throwing net      |       |       |       |     1 |       |       |       |     1 |     2 ||     4
       Javelin           |       |       |       |       |       |       |       |       |    24 ||    24
 Cast: Repel Missiles    |       |       |       |       |       |       |     3 |     4 |    15 ||    22
       Apportation       |       |       |       |       |       |       |     1 |     6 |    41 ||    48
       Haste             |       |       |       |       |       |       |       |     9 |    54 ||    63
       Control Teleport  |       |       |       |       |       |       |       |     1 |    10 ||    11
       Blink             |       |       |       |       |       |       |       |     2 |       ||     2
       Summon Butterflie |       |       |       |       |       |       |       |       |     1 ||     1
       Portal Projectile |       |       |       |       |       |       |       |       |     9 ||     9
       Flight            |       |       |       |       |       |       |       |       |     7 ||     7
       Controlled Blink  |       |       |       |       |       |       |       |       |     4 ||     4
       Phase Shift       |       |       |       |       |       |       |       |       |     2 ||     2
Invok: Lesser Servant of |       |       |       |     4 |     4 |       |       |       |       ||     8
       Greater Servant o |       |       |       |       |     3 |     1 |     4 |       |    14 ||    22
 Abil: Device Recharging |       |       |     4 |     6 |     1 |       |       |       |    19 ||    30
       Evoke Teleportati |       |       |       |       |       |       |       |       |     8 ||     8
Evoke: Wand              |     1 |     3 |    22 |    61 |    39 |    27 |    21 |    28 |   155 ||   357
       Rod               |       |       |       |       |     1 |     1 |     4 |       |     1 ||     7
       Phial of floods   |       |       |       |       |       |       |       |     1 |       ||     1
       Lamp of fire      |       |       |       |       |       |       |       |       |     2 ||     2
  Use: Scroll            |       |    13 |    10 |    14 |    17 |    14 |    11 |    13 |    67 ||   159
       Potion            |       |       |     2 |     6 |     1 |     3 |     3 |     5 |    33 ||    53
 Stab: Distracted        |       |       |       |       |     4 |       |       |     5 |    11 ||    20
       Invisible         |       |       |       |       |       |     9 |       |       |       ||     9
       Sleeping          |       |       |       |       |       |       |       |     4 |       ||     4
       Held in net/web   |       |       |       |       |       |       |       |     1 |     1 ||     2
       Confused          |       |       |       |       |       |       |       |       |     1 ||     1
  Eat: Chunk             |       |     3 |     4 |     7 |     3 |       |     2 |       |       ||    19
       Beef jerky        |       |       |     1 |     1 |     2 |     2 |     1 |     2 |     5 ||    14
       Pizza             |       |       |     2 |     1 |     5 |       |     2 |     2 |     1 ||    13
       Bread ration      |       |       |       |     2 |       |       |     2 |     4 |     7 ||    15
       Fruit             |       |       |       |       |    19 |     3 |     5 |     7 |     9 ||    43
       Royal jelly       |       |       |       |       |       |     6 |     6 |     2 |     4 ||    18
       Meat ration       |       |       |       |       |       |       |       |       |    11 ||    11

Action                   |  1- 3 |  4- 6 |  7- 9 | 10-12 | 13-15 | 16-18 | 19-21 | 22-24 | 25-27 || total
-------------------------+-------+-------+-------+-------+-------+-------+-------+-------+-------++-------
Melee: War axe           |    99 |       |       |       |       |       |       |       |       ||    99
       Battleaxe         |     3 |   156 |   381 |   552 |  1096 |  1056 |  1560 |  1714 |  5038 || 11556
       Executioner's axe |       |       |       |   189 |    69 |    55 |       |       |       ||   313
       Rod               |       |       |       |       |       |       |    14 |       |       ||    14
 Fire: Blowgun           |       |       |     5 |    31 |    36 |    21 |       |       |       ||    93
Throw: Tomahawk          |       |       |     2 |     2 |       |       |       |       |       ||     4
       Throwing net      |       |       |       |     1 |       |       |       |     1 |     2 ||     4
       Javelin           |       |       |       |       |       |       |       |       |    24 ||    24
 Cast: Repel Missiles    |       |       |       |       |       |       |     3 |     4 |    15 ||    22
       Apportation       |       |       |       |       |       |       |     1 |     6 |    41 ||    48
       Haste             |       |       |       |       |       |       |       |     9 |    54 ||    63
       Control Teleport  |       |       |       |       |       |       |       |     1 |    10 ||    11
       Blink             |       |       |       |       |       |       |       |     2 |       ||     2
       Summon Butterflie |       |       |       |       |       |       |       |       |     1 ||     1
       Portal Projectile |       |       |       |       |       |       |       |       |     9 ||     9
       Flight            |       |       |       |       |       |       |       |       |     7 ||     7
       Controlled Blink  |       |       |       |       |       |       |       |       |     4 ||     4
       Phase Shift       |       |       |       |       |       |       |       |       |     2 ||     2
Invok: Lesser Servant of |       |       |       |     4 |     4 |       |       |       |       ||     8
       Greater Servant o |       |       |       |       |     3 |     1 |     4 |       |    14 ||    22
 Abil: Device Recharging |       |       |     4 |     6 |     1 |       |       |       |    19 ||    30
       Evoke Teleportati |       |       |       |       |       |       |       |       |     8 ||     8
Evoke: Wand              |     1 |     3 |    22 |    61 |    39 |    27 |    21 |    28 |   155 ||   357
       Rod               |       |       |       |       |     1 |     1 |     4 |       |     1 ||     7
       Phial of floods   |       |       |       |       |       |       |       |     1 |       ||     1
       Lamp of fire      |       |       |       |       |       |       |       |       |     2 ||     2
  Use: Scroll            |       |    13 |    10 |    14 |    17 |    14 |    11 |    13 |    67 ||   159
       Potion            |       |       |     2 |     6 |     1 |     3 |     3 |     5 |    33 ||    53
 Stab: Distracted        |       |       |       |       |     4 |       |       |     5 |    11 ||    20
       Invisible         |       |       |       |       |       |     9 |       |       |       ||     9
       Sleeping          |       |       |       |       |       |       |       |     4 |       ||     4
       Held in net/web   |       |       |       |       |       |       |       |     1 |     1 ||     2
       Confused          |       |       |       |       |       |       |       |       |     1 ||     1
  Eat: Chunk             |       |     3 |     4 |     7 |     3 |       |     2 |       |       ||    19
       Beef jerky        |       |       |     1 |     1 |     2 |     2 |     1 |     2 |     5 ||    14
       Pizza             |       |       |     2 |     1 |     5 |       |     2 |     2 |     1 ||    13
       Bread ration      |       |       |       |     2 |       |       |     2 |     4 |     7 ||    15
       Fruit             |       |       |       |       |    19 |     3 |     5 |     7 |     9 ||    43
       Royal jelly       |       |       |       |       |       |     6 |     6 |     2 |     4 ||    18
       Meat ration       |       |       |       |       |       |       |       |       |    11 ||    11
